 Dungeon Crawl Stone Soup version 0.28.0-53-g5a82cb258f (webtiles) character file.

Game seed: 18113590161493773158

4 purpskrrrp the Charlatan (level 1, 0/11 HPs)
             Began as a Vine Stalker Wanderer on June 23, 2022.
             Frozen to death by an endoplasm (3 damage)
             ... on level 1 of the Dungeon.
             The game lasted 00:00:43 (211 turns).

purpskrrrp the Charlatan (Vine Stalker Wanderer)     Turns: 211, Time: 00:00:44

Health: 0/11       AC:  3    Str: 13    XL:     1   Next: 60%
Magic:  0/3        EV: 10    Int:  9    God:
Gold:   0          SH:  0    Dex: 17    Spells: 2/2 levels left

rFire   . . .      SeeInvis .   a - +1 falchion
rCold   . . .      Faith    .   (no shield)
rNeg    . . .      Spirit   +   c - +0 leather armour
rPois   .          Reflect  .   (no helmet)
rElec   .          Harm     .   (no cloak)
rCorr   .          Rampage  .   (no gloves)
Will    .....                   (no boots)
Stlth   +.........              (no amulet)
HPRegen 0.03/turn               (no ring)
MPRegen 0.08/turn               (no ring)

@: no status effects
A: fangs 2, magic shield, antimagic bite, no potion heal 2
a: no special abilities


You were on level 1 of the Dungeon.
You visited 1 branch of the dungeon, and saw 1 of its levels.

Inventory:

Hand Weapons
 a - a +1 falchion (weapon)
Armour
 c - a +0 leather armour (worn)
Scrolls
 d - a scroll of identify {unknown}
Miscellaneous
 b - a box of beasts (inert) (quivered)


   Skills:
 + Level 2.6 Fighting
 + Level 1.0 Long Blades
 + Level 1.1 Armour
 + Level 1.1 Spellcasting
 + Level 3.7 Evocations


You had 2 spell levels left.
You didn't know any spells.
Your spell library was empty.

Dungeon Overview and Level Annotations

Branches:
Dungeon (1/15)

Altars:


Innate Abilities, Weirdness & Mutations

You have extremely sharp teeth.
When hurt, damage is shared between your health and your magic reserves.
Your bite disrupts and absorbs the magic of your enemies.
Potions cannot restore your health.


Message History

You open the door.
A hobgoblin comes into view.
The hobgoblin shouts!
An endoplasm comes into view.
There is an open door here.
The hobgoblin barely misses you.
You barely miss the hobgoblin. The hobgoblin closely misses you.
You closely miss the hobgoblin.
The endoplasm quivers.
You bite the hobgoblin, but do no damage.
The hobgoblin barely misses you.
You hit the hobgoblin but do no damage. The hobgoblin hits you.
The endoplasm freezes you.
You are frozen.
The hobgoblin hits you but does no damage.
You closely miss the hobgoblin. You bite the hobgoblin. You drain its power.
You feel invigorated.
The hobgoblin is heavily wounded.
The endoplasm freezes you.
You are frozen.
The hobgoblin hits you.
Non-targeted evoke: box of beasts
Press: ? - help, Q - select action Dir - look around, f - activate You open the lid... ...and a juvenile weirdsting beast leaps out!
The box is emptied!
The endoplasm freezes you.
You are frozen.
* * * LOW HITPOINT WARNING * * *
The hobgoblin barely misses you.
You swap places.
The endoplasm hits your juvenile weirdsting beast but does no damage.
The hobgoblin hits your juvenile weirdsting beast but does no damage.
Your juvenile weirdsting beast barely misses the hobgoblin. x2
Your juvenile weirdsting beast stings the hobgoblin.
The hobgoblin dies!
You hit the endoplasm.
The endoplasm is moderately wounded.
The endoplasm freezes you.
You are frozen.
You die...

.#.##.###....†......##
.#.#.#.........###.##
.#..#.#.#.###### #.#
.#.#####..# #.# ..##
##.# #+## .#.## ##..#
##...## .##.###.#.#
##.....## #
##.#.#..#####.......##
##.#......#..@......#
.............'.HJ......+
#######...##.#.†.......#
#...##.##.......##
#.#.##.###.....##
#.#.##.# ##...##
#.#.##.# #+## #.......
#. ###


You could see an endoplasm (ally target) and a friendly juvenile weirdsting
beast (summoned).

Vanquished Creatures
  A hobgoblin (D:1)
  A quokka (D:1)
2 creatures vanquished.

Vanquished Creatures (collateral kills)
  A hobgoblin (D:1)
1 creature vanquished.

Grand Total: 3 creatures vanquished

Notes
Turn   | Place    | Note
-------+----------+-------------------------------------------
     0 | D:1      | purpskrrrp the Vine Stalker Wanderer began the quest for
                  | the Orb.
     0 | D:1      | purpskrrrp set off with the following items: a +1 falchion,
                  | a box of beasts, a +0 leather armour
     0 | D:1      | Reached XP level 1. HP: 11/11 MP: 3/3
   211 | D:1      | Frozen to death by an endoplasm

Illustrated notes

Levels and vault maps discovered:
D:1:      pf_arrival_petrified_forest, layout_loops_corners

Action                   || total
-------------------------++-------
Melee: Falchion          ||    14
       Bite              ||     4
Evoke: Box of beasts     ||     1
Armor: Leather armour    ||     3
Dodge: Dodged            ||    10
